Map: Submarine LE

Players

Dear

  • Race: Protoss Protoss
  • Spawn Location: 11:00

Dream - Winner!

  • Race: Terran Terran
  • League: Master
  • Spawn Location: 5:00

Event: War Chest Team League

VOD

Have the link to the VOD?

Description

Time

  • Played on: Aug. 16, 2020, 5:54 a.m.
  • Length: 7:40
Show
View Real Time Build Order
Export as new Build Order

Dear Protoss 

Build Orders: 1 Gate Expand 

Get SALT Encoding   

  12  0:00  Probe  
  13  0:12  Probe  
  14  0:17  Pylon  
  14  0:24  Probe (Chrono Boost)  
  15  0:36  Gateway, Probe (Chrono Boost)  
  16  0:44  Probe (Chrono Boost)  
  16  0:45  Assimilator  
  17  0:51  Probe  
  18  1:03  Probe  
  19  1:15  Probe  
  20  1:23  Cybernetics Core  
  20  1:29  Nexus  
  20  1:33  Probe  
  20  1:39  Pylon  
  21  1:45  Assimilator  
  21  1:47  Probe  
  22  1:57  Adept (Chrono Boost)  
  22  1:59  Probe  
  22  2:00  Warp Gate  
  25  2:11  Probe  
  26  2:15  Shield Battery  
  26  2:18  Stalker (Chrono Boost)  
  28  2:23  Probe  
  29  2:35  Twilight Council  
  30  2:38  Probe (Chrono Boost)  
  30  2:40  Stalker  
  30  2:41  Probe (Chrono Boost)  
  32  2:49  Shield Battery  
  32  2:50  Probe (Chrono Boost)  
  31  2:54  Probe (Chrono Boost)  
  31  2:55  Probe (Chrono Boost)  
  33  3:00  Shield Battery  
  33  3:04  Probe  
  34  3:07  Probe  
  36  3:17  Probe  
  35  3:20  Probe  
  33  3:30  Probe (Chrono Boost)  
  35  3:39  Probe (Chrono Boost)  
  35  3:40  Robotics Facility, Probe (Chrono Boost)  
  36  3:47  Probe (Chrono Boost)  
  37  3:49  Sentry  
  37  3:52  Pylon  
  37  3:53  Probe (Chrono Boost)  
  37  3:55  Probe (Chrono Boost)  
  41  3:58  Assimilator  
  41  3:59  Assimilator, Probe (Chrono Boost)  
  41  4:00  Probe (Chrono Boost)  
  41  4:02  Blink  
  43  4:07  Gateway  
  43  4:11  Probe (Chrono Boost)  
  43  4:12  Probe (Chrono Boost)  
  43  4:13  Sentry  
  47  4:17  Phoenix  
  47  4:18  Pylon  
  47  4:23  Probe (Chrono Boost)  
  49  4:27  Observer  
  49  4:29  Probe (Chrono Boost)  
  49  4:30  Gateway  
  49  4:31  Probe (Chrono Boost)  
  51  4:35  Probe  
  51  4:38  Robotics Bay, Probe  
  53  4:46  Pylon  
  53  4:50  Probe  
  53  4:51  Sentry  
  56  4:54  Shield Battery  
  56  4:56  Immortal (Chrono Boost)  
  60  5:05  Sentry  
  58  5:23  Gateway  
  58  5:24  Gateway  
  58  5:26  Disruptor (Chrono Boost)  
  61  5:29  Stalker  
  61  5:30  Stalker, Zealot  
  59  5:44  Shield Battery  
  59  5:50  Gateway  
  59  5:53  Immortal (Chrono Boost)  
  63  6:02  Stalker x3  
  69  6:05  Charge (Chrono Boost)  
  69  6:09  Pylon x2  
  69  6:24  Warp Prism (Chrono Boost)  
  68  6:31  Stalker x4  
  78  6:39  Pylon  
  78  6:53  Pylon  
  78  7:05  Zealot x4  
  86  7:10  Pylon  
  86  7:12  Zealot  
  80  7:26  Zealot x4  
Show
View Real Time Build Order
Export as new Build Order

Dream Terran - Winner!

Build Orders:  

Get SALT Encoding   

  12  0:00  SCV  
  13  0:12  SCV  
  14  0:17  Supply Depot  
  14  0:24  SCV  
  15  0:38  SCV  
  15  0:40  Barracks  
  16  0:43  Refinery  
  16  0:50  SCV  
  17  1:00  Barracks  
  17  1:03  SCV  
  18  1:10  Supply Depot  
  18  1:15  SCV  
  19  1:27  Reaper  
  19  1:31  Orbital Command  
  20  1:47  Reaper  
  21  1:56  SCV  
  22  2:03  Reaper  
  22  2:08  SCV  
  24  2:12  Command Center  
  24  2:20  SCV  
  24  2:22  Marine  
  26  2:25  Refinery  
  26  2:27  Supply Depot  
  26  2:32  SCV  
  27  2:37  Marine  
  28  2:44  SCV  
  28  2:47  Marine  
  28  2:50  Factory  
  30  2:56  SCV  
  31  3:02  Barracks Reactor  
  31  3:08  SCV  
  31  3:10  Barracks Tech Lab  
  32  3:20  SCV  
  31  3:28  Orbital Command  
  31  3:31  Bunker  
  31  3:33  Marauder, Concussive Shells, SCV  
  31  3:34  Barracks, Factory Tech Lab  
  33  3:39  Marine x2  
  35  3:45  SCV  
  36  3:53  Siege Tank  
  36  3:54  Marauder, SCV  
  42  3:57  SCV  
  42  4:02  Marine x2  
  43  4:07  SCV  
  43  4:09  SCV  
  47  4:10  Supply Depot  
  47  4:18  Marauder  
  47  4:20  Marine x2, SCV  
  47  4:21  SCV  
  53  4:31  Siege Tank  
  53  4:33  Barracks Tech Lab  
  53  4:34  Supply Depot  
  53  4:35  SCV  
  53  4:36  SCV  
  53  4:38  Marine x2  
  58  4:43  Marauder, Supply Depot  
  62  4:45  Stimpack  
  62  4:55  SCV  
  62  4:56  Marauder, Supply Depot, SCV  
  66  5:02  Marine x2  
  68  5:09  Bunker  
  68  5:10  Bunker  
  68  5:16  Siege Tank  
  68  5:20  Marauder  
  68  5:21  Marauder  
  73  5:23  SCV  
  73  5:24  SCV  
  75  5:33  Marine x2  
  74  5:35  SCV  
  72  5:43  Marauder, Bunker  
  72  5:45  Bunker  
  72  5:47  Combat Shield  
  72  5:48  Engineering Bay  
  72  5:49  Marauder  
  74  5:53  SCV x2  
  76  5:59  Marine x2  
  76  6:01  Bunker  
  77  6:09  Siege Tank  
  81  6:11  SCV x2  
  81  6:15  Refinery  
  81  6:16  Refinery  
  82  6:23  Marine x2, SCV x2  
  85  6:35  SCV  
  85  6:38  SCV  
  84  6:40  Supply Depot x2, Engineering Bay  
  84  6:42  Marine x2  
  85  6:47  SCV  
  85  6:51  Supply Depot  
  86  6:54  Starport  
  86  7:01  Marauder, SCV  
  86  7:02  SCV  
  86  7:03  Marine x2  
  86  7:05  Siege Tank  
  93  7:11  Marauder  
  93  7:22  Marine x2  
Tags
 
Add a new tag
Caveats
  • Supply blocks, unpowered buildings, or Contaminate may cause inaccurate times.
  • Supply counts are checked every 10 seconds.